 Dungeon Crawl Stone Soup version 0.18-a0-9-gd4dcb6f (webtiles) character file.

203 Enish the Gusty (level 5, -6/28 HPs)
             Began as a Tengu Air Elementalist on Nov 1, 2015.
             Mangled by Vex's ghost (17 damage)
             ... on level 4 of the Dungeon.
             The game lasted 00:12:04 (2954 turns).

Enish the Gusty (Tengu Air Elementalist)            Turns: 2954, Time: 00:12:04

Health: -6/28      AC:  3    Str:  9    XL:     5   Next: 81%
Magic:  4/12       EV: 18    Int: 13    God:
Gold:   155        SH:  0    Dex: 19    Spells: 3 memorised, 7 levels left

rFire  . . .     SeeInvis .     a - +0 hand axe
rCold  . . .     Clarity  .     e - +1 robe
rNeg   . . .     SustAt   .     (no shield)
rPois  .         Gourm    .     (helmet restricted)
rElec  .         Spirit   .     (no cloak)
rCorr  .         Warding  .     (no gloves)
rMut   .         Stasis   .     (boots unavailable)
MR     .....                    (no amulet)
Stlth  +++.......               (no ring)
                                s - -3 ring of intelligence (curse)

@: agile, not resistant to hostile enchantments, fairly stealthy
A: beak, talons 3, able to fly 1
a: Fly


You were on level 4 of the Dungeon.
You were hungry.

You visited 1 branch of the dungeon, and saw 4 of its levels.
You also visited: Sewer.

You collected 155 gold pieces.

Inventory:

Hand Weapons
 a - a +0 hand axe (weapon)
Missiles
 d - 30 arrows
 m - 44 poisoned needles
Armour
 e - a +1 robe (worn)
 l - a +0 buckler
Jewellery
 s - a cursed -3 ring of intelligence (left hand)
Scrolls
 h - a scroll of remove curse
 q - a scroll of enchant armour
 r - a scroll of identify
Potions
 f - 2 potions of degeneration
 i - 3 potions of resistance {unknown}
 j - 2 potions of brilliance
 k - a potion of agility
 n - a potion of berserk rage {unknown}
 o - a potion of cancellation {unknown}
 p - a potion of flight {unknown}
 t - a potion of magic {unknown}
 u - a potion of haste {unknown}
Books
 b - a book of Air

   Spells                             Type                      Level
   a - Shock                          Conjuration/Air              1
   b - Swiftness                      Charms/Air                   2
   c - Repel Missiles                 Charms/Air                   2
   d - Static Discharge               Conjuration/Air              3
   e - Lightning Bolt                 Conjuration/Air              5
Comestibles
 c - a bread ration


   Skills:
 - Level 2.1 Dodging
 - Level 2.0 Stealth
 - Level 4.0 Spellcasting
 + Level 3.6 Conjurations
 + Level 5.3 Air Magic


You had 7 spell levels left.
You knew the following spells:

 Your Spells              Type           Power        Failure   Level  Hunger
a - Shock                 Conj/Air       ##..         3%          1    None
b - Repel Missiles        Chrm/Air       #.....       12%         2    ##.....
c - Swiftness             Chrm/Air       #.......     12%         2    ##.....


Dungeon Overview and Level Annotations

Branches:
Dungeon (4/15)
 Temple: D:4-7

Altars:
Cheibriados
Yredelemnul

Annotations:
D:3 Frontstab's ghost, amateur OpBe
D:4 Vex's ghost, amateur TrMo


Innate Abilities, Weirdness & Mutations

You have a beak for a mouth.
You have claws for feet.
You can fly.


Message History

An adder skeleton comes into view.
Casting: Shock
Confirm with . or Enter, or press ? or * to list all spells.
Aiming: Shock
Press: ? - help, Shift-Dir - straight line, f/p - Vex's ghost
Aim: Vex's ghost (moderately damaged)
The zap hits Vex's ghost.
Vex's ghost is moderately damaged.
The adder skeleton moves out of view.
Vex's ghost completely misses you.
You hit Vex's ghost. You peck Vex's ghost.
Vex's ghost is heavily damaged.
Vex's ghost hits you!
Ouch! That really hurt!
Vex's ghost misses you.
Your magical contamination has completely faded away.
Vex's ghost wails, "I was like you once."
Vex's ghost hits you. Vex's ghost hits you!
Ouch! That really hurt!
You die...

.. #######..# ##.## #..#
#### ###.## #....
######...## #.....
(.........# #......
..#.......## .......
##.......# .......
##.....@##.......
###...W......# .
##.......### >##
##Z....## #.. ###.....##
##.# ###.......##
#..###............#
#..................
#.###......#............


You could see Vex's ghost and an adder skeleton.

Vanquished Creatures
  The ghost of Frontstab the Ducker, an amateur OpBe of Trog (D:4)
  An adder (D:2)
  3 worms
  5 orcs
  2 giant cockroaches (D:3)
  4 hobgoblins
  5 jackals
  12 kobolds
  2 ball pythons
  5 bats
  3 giant newts
  7 goblins
  18 rats
68 creatures vanquished.

Notes
Turn   | Place    | Note
--------------------------------------------------------------
     0 | D:1      | Enish the Tengu Air Elementalist began the quest for the Orb.
     0 | D:1      | Reached XP level 1. HP: 10/10 MP: 4/4
   127 | D:1      | Reached XP level 2. HP: 15/15 MP: 0/6
   256 | D:1      | Learned a level 2 spell: Repel Missiles
   259 | D:1      | Learned a level 2 spell: Swiftness
   756 | D:2      | Reached XP level 3. HP: 19/19 MP: 3/7
  1464 | D:2      | Reached skill level 5 in Air Magic
  1678 | D:3      | Found a glowing drain.
  1740 | D:3      | Reached XP level 4. HP: 22/24 MP: 0/8
  1767 | D:3      | Noticed Frontstab's ghost (amateur OpBe)
  2042 | Sewer    | Entered a sewer
  2180 | Sewer    | Noticed septik's ghost (amateur MiGl)
  2565 | D:3      | Found a basalt altar of Yredelemnul.
  2566 | D:3      | Found a snail-covered altar of Cheibriados.
  2854 | D:4      | Killed Frontstab's ghost
  2854 | D:4      | Gained mutation: You can fly. [Tengu growth]
  2854 | D:4      | Reached XP level 5. HP: 28/28 MP: 4/12
  2939 | D:4      | Noticed Vex's ghost (amateur TrMo)
  2954 | D:4      | Mangled by Vex's ghost

Vault maps used:
D:1:      minmay_arrival_wavy_path
D:3:      gammafunk_temple_overflow_statue, portal_sewer_entry_a
D:4:      serial_shops, shop, st_stairs_7
Sewer:    sewer_minmay_treatment

Action                   |  1- 3 |  4- 6 || total
-------------------------+-------+-------++-------
Melee: Hand axe          |    17 |     9 ||    26
 Cast: Shock             |    78 |    50 ||   128
  Use: Scroll            |    10 |     3 ||    13
       Potion            |       |     3 ||     3
  Eat: Chunk             |     4 |     4 ||     8
